 Dungeon Crawl Stone Soup version 0.28-a0-1524-ge72afd5fc6 (webtiles) character file.

Game seed: 14196819751839116592

470 HallandMoats the Skirmisher (level 6, 0/46 (50) HPs)
             Began as a Demonspawn Fighter on Jan 18, 2022.
             Slain by an orc (4 damage)
             ... on level 4 of the Dungeon.
             The game lasted 00:05:32 (5082 turns).

HallandMoats the Skirmisher (Demonspawn Fighter)    Turns: 5082, Time: 00:05:32

HP:   0/46 (50)     AC:  7    Str: 18    XL:     6   Next: 82%
MP:   15/15         EV: 10    Int: 10    God:
Gold: 203           SH:  4    Dex: 12    Spells: 5/5 levels left

rFire   . . .      SeeInvis .   a - +2 dagger (venom)
rCold   . . .      Faith    .   c - +0 buckler
rNeg    . . .      Spirit   .   o - +2 ring mail {rPois}
rPois   +          Reflect  .   (no helmet)
rElec   .          Harm     .   x - scarf {repulsion}
rCorr   .          Rampage  .   (no gloves)
Will    .....                   (no boots)
Stlth   +.........              (no amulet)
HPRegen 0.15/turn               z - ring of magical power
MPRegen 0.14/turn               (no ring)

@: drained, repel missiles
A: hooves 1, powered by death 1
a: no special abilities


You were on level 4 of the Dungeon.
You visited 1 branch of the dungeon, and saw 5 of its levels.

You collected 203 gold pieces.

Inventory:

Hand Weapons
 a - a +2 dagger of venom (weapon)
 b - the +7 hunting sling of Conscience {freeze, rC++}
   (You took it off an orc on level 4 of the Dungeon)

   Any ammunition fired from it freezes those it strikes, dealing additional
   cold damage.
   It can also slow down cold-blooded creatures.
   rC:        It greatly protects you from cold.
 q - a +0 war axe
Armour
 c - a +0 buckler (worn)
 o - a +2 ring mail of poison resistance (worn)
 x - a scarf of repulsion (worn)
Jewellery
 y - a ring of poison resistance
 z - a ring of magical power (left hand)
Wands
 u - a wand of mindburst (4)
Scrolls
 f - 5 scrolls of identify {unknown}
 g - a scroll of immolation {unknown}
 i - 2 scrolls of fear {unknown}
 k - a scroll of vulnerability {unknown}
 l - a scroll of magic mapping {unknown}
 m - a scroll of enchant armour {unknown}
 n - a scroll of amnesia {unknown}
 r - 2 scrolls of teleportation {unknown}
 s - a scroll of fog {unknown}
 v - a scroll of brand weapon {unknown}
 w - a scroll of summoning {unknown}
Potions
 d - a potion of might
 e - 2 potions of curing {unknown}
 h - a potion of degeneration {unknown}
 j - 2 potions of berserk rage {unknown}
 p - a potion of heal wounds {unknown}
 t - a potion of flight {unknown}


   Skills:
 * Level 4.8 Fighting
 * Level 3.7 Axes
 * Level 0.2 Slings
 + Level 3.7 Armour
 + Level 2.1 Dodging
 + Level 3.6 Shields


You had 5 spell levels left.
You didn't know any spells.
Your spell library contained the following spells:

 Spells                   Type           Power      Damage    Failure   Level
 Scorch                   Fire           0%         2d5       78%         2
 Flame Wave               Conj/Fire      0%         2d4       100%        4
 Summon Cactus Giant      Summ           0%         N/A       100%        6


Dungeon Overview and Level Annotations

Branches:
Dungeon (5/15)
 Temple: D:4-7

Altars:
Gozag
Kikubaaqudgha
The Shining One
Beogh

Shops:
D:1 !

Annotations:
D:4 Lobster4's ghost, amateur BaSu


Innate Abilities, Weirdness & Mutations

You have large cloven feet.
You regenerate a little health from kills.


Message History

You block the necrophage's attack. The orc misses you.
You block the orc's attack.
Fire: sling bullet
Press: ? - help, Q - select action, (/) - cycle Shift-Dir - straight line, f/p - necrophage
Aim: a necrophage (almost destroyed, 67% to hit)
You shoot a sling bullet.
The sling bullet barely misses the necrophage.
You block the orc's attack. The necrophage closely misses you.
The orc hits you with a +0 whip.
* * * LOW HITPOINT WARNING * * *
The orc hits you with a +0 flail.
* * * LOW HITPOINT WARNING * * *
You block the necrophage's attack. The orc hits you with a +0 mace.
* * * LOW HITPOINT WARNING * * *
The orc hits you with a +0 whip.
* * * LOW HITPOINT WARNING * * *
The orc hits you with a +0 flail.
* * * LOW HITPOINT WARNING * * *
The orc barely misses you. You block the necrophage's attack.
The orc misses you.
You climb upwards.
Level annotation: Lobster4's ghost, amateur BaSu
There is a stone staircase leading down here.
The +7 hunting sling of Conscience {freeze, rC++} stops glowing.
Your +2 dagger of venom begins to drip with poison!
a - a +2 dagger of venom (weapon)
The orc hits you but does no damage. The necrophage hits you.
* * * LOW HITPOINT WARNING * * *
You feel drained. The orc hits you with a +0 flail.
* * * LOW HITPOINT WARNING * * *
The necrophage closely misses you. The orc barely misses you.
You closely miss the orc. You kick the orc.
The orc is moderately wounded.
The orc closely misses you.
You barely miss the orc.
The orc is moderately wounded.
The orc hits you with a +0 mace.
You die...

.......###...#####...# #.# #...#
...####.....>###..##.###.# ##..#
#..# ###........####..#.# ###...
#.## ##.......## #....###<...#
..# ##.....#...## ##....#......
.## ##...#..###..####........###
.#####..###..# ##..##...##...## #
#..##..####..###........##..##
##.....###..o.oo@...##......###
##.....#.....n......###)......###
#..)..........###.....)....##....
#.##...........##.#....)...#####.
.###.......................#...##
.# ##............#...#...#...#.##
.###..............###.....###..##
#.##....##......#.#(#.....#.#....
#..#...###..###...##'.....'##..#.


You could see a necrophage and 3 orcs.

Vanquished Creatures
  A bullfrog (D:4)
  A bullfrog skeleton (D:4)
  A hound (D:4)
  A jelly (D:4)
  2 orc priests
  Jessica (D:2)
  A gnoll (D:1)
  9 adders
  2 worms
  5 dart slugs
  9 orcs
  11 endoplasms
  6 giant cockroaches
  11 goblins
  10 hobgoblins
  4 quokkas
  16 ball pythons
  7 bats
  3 frilled lizards
  7 kobolds
  6 rats
114 creatures vanquished.

Notes
Turn   | Place    | Note
-------+----------+-------------------------------------------
     0 | D:1      | HallandMoats the Demonspawn Fighter began the quest for the
                  | Orb.
     0 | D:1      | Reached XP level 1. HP: 18/18 MP: 1/1
   339 | D:1      | Gained mutation: You regenerate a little health from kills.
                  | [demonic ancestry]
   339 | D:1      | Reached XP level 2. HP: 18/24 MP: 2/2
   788 | D:1      | Found Miotaq's Distillery.
  1008 | D:1      | Reached XP level 3. HP: 10/29 MP: 3/3
  1634 | D:2      | Gained mutation: You have large cloven feet. [demonic
                  | ancestry]
  1634 | D:2      | Reached XP level 4. HP: 37/37 MP: 4/4
  1725 | D:2      | Noticed Jessica
  1729 | D:2      | Killed Jessica
  1730 | D:2      | Reached skill level 1 in Dodging
  2069 | D:2      | Found a faded altar of an unknown god.
  2352 | D:3      | Reached skill level 4 in Fighting
  2781 | D:3      | Reached XP level 5. HP: 42/42 MP: 5/5
  3500 | D:4      | Reached XP level 6. HP: 9/49 MP: 6/6
  4104 | D:4      | Found a runed translucent gate.
  4104 | D:4      | Found a runed translucent gate.
  4104 | D:4      | Found a runed translucent gate.
  4107 | D:4      | Noticed Lobster4's ghost (amateur BaSu)
  4109 | D:4      | Identified the +7 hunting sling of Conscience {freeze,
                  | rC++}
  4170 | D:4      | Found an ancient bone altar of Kikubaaqudgha.
  4173 | D:4      | Found an opulent altar of Gozag.
  5050 | D:5      | Entered Level 5 of the Dungeon
  5072 | D:4      | HP: 2/46 [orc (1)]
  5082 | D:4      | Slain by an orc

Illustrated notes

Levels and vault maps discovered:
D:1:      mainiacjoe_arrival_reflecting_pool, layout_loops_ring, serial_shops,
          shop, minmay_pentomino_x2
D:2:      minmay_skewed_foursquare, layout_loops_ring,
          hellmonk_ecumenical_altar_lost_god, uniq_jessica
D:3:      layout_loops_cross, tso_metal_star, minmay_snake_closets
D:4:      layout_layer_cave, nicolae_overflow_squiral,
          biasface_ghost_orc_armoury, minmay_fractal_squares_diagonal_5
D:5:      layout_layer_cave, doesnt_xom_only_xom, amcnicky_altar_gilded,
          minmay_temple_entry_fiery, serial_shops, nicolae_diamond_shop,
          grunt_ministairs_7

Skill      XL: |  1  2  3  4  5  6 |
---------------+-------------------+-----
Axes           | 2 3 |  3.7
Armour         | 3 |  3.7
Shields        | 3 |  3.6
Dodging        | 1 2 |  2.1
Fighting       | 4 |  4.8
Slings         | |  0.2

Action                   |  1- 3 |  4- 6 || total
-------------------------+-------+-------++-------
Melee: War axe           |   103 |    83 ||   186
       Kick              |       |    41 ||    41
       Dagger            |       |    77 ||    77
 Fire: Hunting sling     |       |    12 ||    12
Armor: Scale mail        |    54 |     7 ||    61
       Ring mail         |       |    76 ||    76
Dodge: Dodged            |    42 |   108 ||   150
Block: Buckler           |    15 |    49 ||    64

Table legend: (Time is in decaauts)
 A = Elapsed time spent in this place.
 B = Non-inter-level travel time spent in this place.
 C = Inter-level travel time spent in this place.
 D = Time resting spent in this place.
 E = Time spent auto-exploring this place.
 F = Levels seen in this place.
 G = Mean time per level.
                   A        B        C        D        E       F      G
               +--------+--------+--------+--------+--------+-----+--------+
         Total |   5165 |   4866 |    299 |    202 |   3896 |   5 | 1033.0 |
       Dungeon |   5165 |   4866 |    299 |    202 |   3896 |   5 | 1033.0 |
               +--------+--------+--------+--------+--------+-----+--------+

Top non-repeatable levels by time:
     D:4: 1680 daAuts
     D:1: 1299 daAuts
     D:3: 1148 daAuts
     D:2: 1017 daAuts
     D:5: 19 daAuts
